 Dungeon Sprint DCSS version 0.31-a0-325-g067879e3d3 (webtiles) character file.

Game seed: 3558440916193717850

26576 dialectric the Ninja (level 12, -16/67 HPs)
             Began as a Spriggan Brigand on July 18, 2023.
             Was the Champion of Dithmenos.
             Engulfed by a cloud of freezing vapour (21 damage)
             ... in the Dungeon (Sprint I: "Red Sonja").
             The game lasted 00:16:43 (2655 turns).

dialectric the Ninja (Spriggan Brigand)             Turns: 2655, Time: 00:16:43

Health: -16/67     AC:  8    Str:  6    XL:     12   Next: 99%
Magic:  33/33      EV: 34    Int: 21    God:    Dithmenos [******]
Gold:   3570       SH:  0    Dex: 20    Spells: 41/43 levels left

rFire   + . .        a - +2 dagger
rCold   x . .        (no shield)
rNeg    + . .        q - +4 robe of Boredom {Fly rElec Int+4 Slay+2}
rPois   .            (helmet restricted)
rElec   +            v - +0 cloak of Tantomer {*Corrode rElec rN+ Will+}
rCorr   .            (gloves unavailable)
SInv    +            (boots unavailable)
Will    ++++.        (no amulet) Stlth *********+
                     s - ring of wizardry
HPRegen 0.31/turn    w - ring of protection from fire
MPRegen 0.23/turn

%: no teleportation, random rage (3%), corrode self (3%), wizardry (x1)
@: flying, wreathed by umbra, unable to read, unable to drink, very quick
A: very small, no large weapons, unfitting armour, see invisible, speed 3,
berserk 1, clever 1, strong-willed 1, shaggy fur 1, cold vulnerability 1,
subdued magic 1, inability to drink after injury 1, inability to read after
injury 1, noise suppression
a: Renounce Religion, Shadow Step, Shadow Form


You were in the Dungeon.
You worshipped Dithmenos.
Dithmenos was exalted by your worship.
You visited 1 branch You collected 4619 gold pieces.
You spent 1049 gold pieces at shops.

Inventory:

Hand Weapons
 a - a +2 dagger (weapon)
Armour
 b - a +0 robe
 c - a +0 cloak
 q - the +4 robe of Boredom (worn) {Fly rElec Int+4 Slay+2}
   (You bought it in a shop in the Dungeon)

   Int:       It affects your intelligence (+4).
   Slay:      It affects your accuracy & damage with ranged weapons and melee
   (+2).
   rElec:     It insulates you from electricity.
   Fly:       It grants you flight.
 v - the +0 cloak of Tantomer (worn) {*Corrode rElec rN+ Will+}
   (You bought it in a shop in the Dungeon)

   rElec:     It insulates you from electricity.
   rN:        It protects you from negative energy.
   *Corrode:  It may corrode you when you take damage.
   Will:      It increases your willpower.
Jewellery
 d - an amulet of reflection
 l - a +6 ring of intelligence
 r - a ring of resist corrosion
 s - a ring of wizardry (left hand)
 t - an amulet of faith
 w - a ring of protection from fire (right hand)
 z - the ring of Sanu {rPois MP+9 Str+3 Int-4}
   (You found it in the Dungeon)

   [ring of magical power]

   Str:       It affects your strength (+3).
   Int:       It affects your intelligence (-4).
   rPois:     It protects you from poison.
   MP:        It affects your magic capacity (+9).
Wands
 e - a wand of polymorph (11)
Scrolls
 k - 3 scrolls of blinking
 n - 2 scrolls of fog
 o - 5 scrolls of identify {unknown}
 u - a scroll of butterflies
 x - a scroll of fear {unknown}
Potions
 f - 2 potions of lignification {unknown}
 g - a potion of heal wounds
 h - a potion of haste
 i - 2 potions of magic
 j - 3 potions of curing
 m - 3 potions of ambrosia {unknown}
Miscellaneous
 p - a piece from Xom's chessboard (15/15)
 y - a phantom mirror


   Skills:
 + Level 9.6 Fighting
 - Level 13.3 Short Blades
 - Level 3.3 Throwing
 + Level 19.4 Dodging
 O Level 27 Stealth
 * Level 16.4 Spellcasting
 * Level 7.7 Transmutations
 * Level 5.3 Earth Magic
 + Level 4.5 Invocations
 - Level 14.2 Evocations


You had 41 spell levels left.
You knew the following spells:

 Your Spells              Type           Power      Damage    Failure   Level
a - Passwall              Tmut/Erth      28%        N/A       1%          2

Your spell library contained the following spells:

 Spells                   Type           Power      Damage    Failure   Level
 Sandblast                Erth           60%        2d14      1%          1
 Stone Arrow              Conj/Erth      42%        3d9       1%          3
 Summon Forest            Summ/Tloc      6%         N/A       32%         5
 Summon Mana Viper        Hex/Summ       13%        N/A       32%         5
 Summon Cactus Giant      Summ           6%         N/A       86%         6


Dungeon Overview and Level Annotations

Branches:
Dungeon (1/1)

Altars:
Cheibriados
Dithmenos
Elyvilon
Fedhas
Gozag
Hepliaklqana
Kikubaaqudgha
Makhleb
Nemelex Xobeh
Okawaru
Qazlal
Ru
Sif Muna
Trog
Uskayaw
Vehumet
Wu Jian
Xom
Yredelemnul
Zin
The Shining One
Jiyva
Lugonu

Shops:
D ?***??=**(=[([[(:[*[[[

Annotations:
D exclusion: oklob plant, Lom Lobon, Tiamat


Innate Abilities, Weirdness & Mutations

You are very small and have problems with some larger weapons.
You are too small for most types of armour.
You have supernaturally acute eyesight. (SInv)
You cover ground extremely quickly. (Speed+++)
You sometimes lose your temper in combat.
Your mind is acute. (Int +4, Str/Dex -1)
You are strong-willed. (Will+)
You are covered in fur. (AC +1)
You are vulnerable to cold. (rC-)
Your spells are a little easier to cast, but a little less powerful.
You occasionally lose the ability to drink potions when taking damage.
You occasionally lose the ability to read scrolls when taking damage.
You passively dampen the noise of your surroundings.


Message History

There is a large open door here.
Found 243 gold pieces.
Found 135 gold pieces.
You see here 27 gold pieces.
You reach down and close the large door.
You now have 3462 gold pieces (gained 27).
Found 54 gold pieces.
You now have 3489 gold pieces (gained 27).
You are engulfed in freezing vapours.
You emit a cloud of dark smoke.
Unknown command.
Found 81 gold pieces.
You are engulfed in freezing vapours.
You see here a scroll labelled ZOPIELAUZXE.
Unknown command.
Found 81 gold pieces.
You now have 3516 gold pieces (gained 27).
You now have 3543 gold pieces (gained 27).
You now have 3570 gold pieces (gained 27).
You are engulfed in freezing vapours.
You feel threatened and lose the ability to read scrolls!
You feel threatened and lose the ability to drink potions!
* * * LOW HITPOINT WARNING * * *
You reach down and open the door.
You are engulfed in freezing vapours.
* * * LOW HITPOINT WARNING * * *
Found a ring mail and a scroll labelled ZOPIELAUZXE.
There is an open door here.
Unknown command.
You see here a +0 ring mail.
o - 5 scrolls labelled ZOPIELAUZXE (gained 1)
You start resting.
You can drink potions again.
Unknown command.
You start resting.
You can read scrolls again.
You start resting.
You are engulfed in freezing vapours.
You feel threatened and lose the ability to read scrolls!
* * * LOW HITPOINT WARNING * * *
You are engulfed in freezing vapours.
You feel threatened and lose the ability to drink potions!
You die...

.._#~~~.)#.§#...°.+....$##.#A#$#.
.#'##'#####'###.)°#.....#..###$#.
'#)#.◎.|###.'.#°○.###++##.##..$#Z
)####'###.###.#.°###§§###..#+###W
§§'.....'[∩##.#..####§.###...#P≈.
)§###########§##'#$$#?$#$###.#M≈.
§###.......##.##.#$$.$$$$$$#.###.
'#.#......§.§.####$.$$$$$$$#.# +.
...#'''######§#○@○.$$$$$####'# ##
...#...§..§.#§#####$$$###....# #~
####....§.§#'.#..(#####...#### #~
.........§§####.)...)...### #~
........§§§##..(....#####°° ####
.......~§§###....).##


○°°° #..# ##..~~~~### #).)..## ^°°○○ #..) #'######'####.....# °°°°○ #...
∩########∩∩######## °°°°°°#... There were no monsters in sight!

Vanquished Creatures
  the Lernaean hydra (D)
  A golden dragon (D)
  A deep elf master archer (D)
  A shadow dragon (D)
  4 fire giants (D)
  A deep elf annihilator (D)
  A lorocyproca (D)
  A hydra (D)
  2 centaur warriors (D)
  2 demonic crawlers (D)
  Sonja (D)
  A deep troll (D)
  A lindwurm (D)
  6 shining eyes (D)
  An oklob plant (D)
  2 merfolk sirens (D)
  2 gargoyles (D)
  5 unseen horrors (D)
  A kobold demonologist (D)
  A hellwing (D)
  4 hornets (D)
  A slime creature (D)
  Sigmund (D)
  9 hogs (D)
  A yak (D)
  2 redbacks (D)
  6 floating eyes (D)
  An ogre (D)
  A tengu (D)
  7 necrophages (D)
  8 jellies (D)
  Ijyb (D)
  2 ballistomycete spores (D)
80 creatures vanquished.

Vanquished Creatures (collateral kills)
  2 shining eyes (D)
  A kobold demonologist (D)
  A floating eye (D)
4 creatures vanquished.

Vanquished Creatures (others)
  2 unseen horrors (D)
  A hornet (D)
  3 hogs (D)
  3 ball lightnings (D)
9 creatures vanquished.

Grand Total: 93 creatures vanquished

Notes
Turn   | Place    | Note
-------+----------+-------------------------------------------
     0 | D        | dialectric the Spriggan Brigand began the quest for the
                  | Orb.
     0 | D        | Reached XP level 1. HP: 10/10 MP: 2/2
     2 | D        | Noticed Ijyb
     4 | D        | Killed Ijyb
     5 | D        | Reached skill level 9 in Stealth
     5 | D        | Reached XP level 2. HP: 15/15 MP: 3/3
     7 | D        | Noticed an ogre
     9 | D        | Killed an ogre
    10 | D        | Reached skill level 13 in Stealth
    10 | D        | Reached XP level 3. HP: 19/19 MP: 4/4
    10 | D        | Reached XP level 4. HP: 23/23 MP: 5/5
    12 | D        | Noticed Sigmund
    14 | D        | Killed Sigmund
    15 | D        | Reached skill level 17 in Stealth
    15 | D        | Reached XP level 5. HP: 28/28 MP: 6/6
    15 | D        | Reached XP level 6. HP: 32/32 MP: 7/7
    37 | D        | Found a shimmering blue altar of Sif Muna.
    38 | D        | Found an ornate altar of the Wu Jian Council.
    39 | D        | Found a radiant altar of Vehumet.
    45 | D        | Found Nes Sozo's Assorted Antiques.
    45 | D        | Found an ancient bone altar of Kikubaaqudgha.
    45 | D        | Found a hazy altar of Hepliaklqana.
    45 | D        | Found a stormy altar of Qazlal.
    45 | D        | Found a hide-covered altar of Uskayaw.
    45 | D        | Found a blossoming altar of Fedhas.
    45 | D        | Found a bloodstained altar of Trog.
    45 | D        | Found an iron altar of Okawaru.
    45 | D        | Found a basalt altar of Yredelemnul.
    45 | D        | Found a glowing golden altar of the Shining One.
    45 | D        | Found a snail-covered altar of Cheibriados.
    45 | D        | Found a sacrificial altar of Ru.
    45 | D        | Found a glowing silver altar of Zin.
    45 | D        | Found a shadowy altar of Dithmenos.
    45 | D        | Found a white marble altar of Elyvilon.
    45 | D        | Noticed a yak
    46 | D        | Found an opulent altar of Gozag.
    47 | D        | Killed a yak
    48 | D        | Reached skill level 5 in Short Blades
    48 | D        | Reached skill level 19 in Stealth
    48 | D        | Found a sparkling altar of Nemelex Xobeh.
    54 | D        | Became a worshipper of Dithmenos the Shadowed
    87 | D        | Found a burning altar of Makhleb.
    87 | D        | Found a shimmering altar of Xom.
    87 | D        | Noticed a slime creature
    88 | D        | Found a viscous altar of Jiyva.
    88 | D        | Found a corrupted altar of Lugonu.
    90 | D        | Killed a slime creature
    91 | D        | Reached skill level 20 in Stealth
    91 | D        | Reached XP level 7. HP: 37/37 MP: 8/8
   103 | D        | Noticed a kobold demonologist
   104 | D        | Noticed a kobold demonologist
   107 | D        | Reached skill level 21 in Stealth
   107 | D        | Killed a kobold demonologist
   107 | D        | Reached * piety under Dithmenos
   108 | D        | Reached skill level 22 in Stealth
   110 | D        | Noticed a smoke demon
   115 | D        | Noticed a red devil
   197 | D        | Noticed a centaur warrior
   197 | D        | Noticed a centaur warrior
   199 | D        | Noticed Sonja
   203 | D        | Killed Sonja
   204 | D        | Reached skill level 24 in Stealth
   204 | D        | Reached XP level 8. HP: 42/42 MP: 9/9
   218 | D        | Noticed a deep troll
   240 | D        | Killed a kobold demonologist
   241 | D        | Reached skill level 25 in Stealth
   248 | D        | Found Intuaqel's Magic Scroll Boutique.
   250 | D        | Noticed a shining eye
   250 | D        | Noticed a shining eye
   250 | D        | Noticed a shining eye
   251 | D        | Noticed a shining eye
   251 | D        | Noticed a shining eye
   251 | D        | Noticed a shining eye
   252 | D        | Noticed a shining eye
   252 | D        | Noticed a shining eye
   253 | D        | Killed a shining eye
   253 | D        | Reached ** piety under Dithmenos
   254 | D        | Reached skill level 5 in Fighting
   254 | D        | Reached skill level 26 in Stealth
   254 | D        | Reached skill level 1 in Evocations
   254 | D        | Reached XP level 9. HP: 30/47 MP: 10/10
   257 | D        | Killed a shining eye
   258 | D        | Reached skill level 5 in Dodging
   258 | D        | Reached skill level 27 in Stealth
   260 | D        | Killed a shining eye
   260 | D        | Reached *** piety under Dithmenos
   260 | D        | Gained mutation: You passively dampen the noise of your
                  | surroundings. [a shining eye]
   262 | D        | Gained mutation: You are strong-willed. (Will+) [a shining
                  | eye]
   263 | D        | Gained mutation: You occasionally lose the ability to drink
                  | potions when taking damage. [a shining eye]
   264 | D        | Killed a shining eye
   265 | D        | Reached skill level 10 in Short Blades
   267 | D        | Killed a shining eye
   267 | D        | Reached **** piety under Dithmenos
   268 | D        | Reached XP level 10. HP: 37/53 MP: 11/11
   268 | D        | Gained mutation: You are vulnerable to cold. (rC-) [a
                  | shining eye]
   270 | D        | Paralysed by a floating eye for 4 turns
   279 | D        | Paralysed by a floating eye for 3 turns
   282 | D        | Gained mutation: Your mind is acute. (Int +4, Str/Dex -1)
                  | [a shining eye]
   304 | D        | Noticed a demonic crawler
   304 | D        | Noticed a demonic crawler
   304 | D        | Noticed a demonic crawler
   304 | D        | Noticed a demonic crawler
   385 | D        | Noticed a lindwurm
   389 | D        | Killed a lindwurm
   390 | D        | Reached skill level 5 in Evocations
   569 | D        | Killed a centaur warrior
   570 | D        | Reached skill level 10 in Dodging
   571 | D        | Killed a centaur warrior
   571 | D        | Reached ***** piety under Dithmenos
   575 | D        | Killed a demonic crawler
   582 | D        | Noticed an oklob plant
   584 | D        | Killed an oklob plant
   612 | D        | Reached skill level 5 in Spellcasting
   654 | D        | Reached XP level 11. HP: 40/60 MP: 14/20
   666 | D        | Reached ****** piety under Dithmenos
   701 | D        | Found Seq Tifisi's General Store.
   701 | D        | Found Cetuit's Jewellery Shop.
   701 | D        | Found Pilu's Assorted Antiques.
   703 | D        | Found Ozead's Weapon Emporium.
   703 | D        | Found Onkiesh Foug's Jewellery Shop.
   703 | D        | Found Vomi's Armour Shoppe.
   703 | D        | Found Sihugon's Antique Weapon Boutique.
   703 | D        | Found Facsaz's Antique Armour Emporium.
   703 | D        | Found Ziodococ's Antique Armour Shop.
   703 | D        | Found Qofegg's Antique Weapon Shoppe.
   754 | D        | Found Kuitu's Book Boutique.
   755 | D        | Found Saskuad's Assorted Antiques.
   755 | D        | Found Pessif's Armour Boutique.
   756 | D        | Found Qoynuema's Armour Emporium.
   759 | D        | Bought a twisted robe for 165 gold pieces
   759 | D        | Identified the +4 robe of Boredom {Fly rElec Int+4 Slay+2}
                  | (You bought it in a shop in the Dungeon)
   802 | D        | Killed a demonic crawler
   803 | D        | Reached skill level 1 in Invocations
   835 | D        | Found Kot Miodiok's Armour Emporium.
   873 | D        | Bought a triangular peridot amulet for 100 gold pieces
  1139 | D        | Gained mutation: You are covered in fur. (AC +1) [a shining
                  | eye]
  1171 | D        | Reached skill level 10 in Evocations
  1205 | D        | Noticed a 12-headed hydra
  1207 | D        | Killed a 12-headed hydra
  1208 | D        | Reached skill level 10 in Spellcasting
  1212 | D        | Paralysed by a floating eye for 4 turns
  1226 | D        | Noticed a deep elf annihilator
  1239 | D        | Noticed a daeva
  1315 | D        | Reached skill level 15 in Dodging
  1415 | D        | Paralysed by a floating eye for 3 turns
  1433 | D        | Killed a shining eye
  1440 | D        | Gained mutation: You have hidden genetic defects. [a
                  | shining eye]
  1444 | D        | Gained mutation: You sometimes lose your temper in combat.
                  | [a shining eye]
  1449 | D        | Killed a shining eye
  1458 | D        | Found Lohuh's Magic Scroll Boutique.
  1458 | D        | Found Beuzxoes's General Store.
  1460 | D        | Found Kejokk's Assorted Antiques.
  1461 | D        | Found Adghuen's Magic Scroll Shop.
  1467 | D        | Bought a scroll of blinking for 90 gold pieces
  1467 | D        | Bought a scroll of fog for 48 gold pieces
  1469 | D        | Bought a scroll of blinking for 75 gold pieces
  1495 | D        | Bought a scroll of butterflies for 56 gold pieces
  1552 | D        | Killed a shining eye
  1566 | D        | Killed a deep troll
  1729 | D        | Noticed a fire giant
  1730 | D        | Noticed a fire giant
  1730 | D        | Noticed a fire giant
  1730 | D        | Noticed a fire giant
  1731 | D        | Killed a fire giant
  1733 | D        | Killed a fire giant
  1734 | D        | Reached XP level 12. HP: 61/65 MP: 24/30
  1735 | D        | Killed a fire giant
  1737 | D        | Killed a fire giant
  1749 | D        | Gained mutation: Your spells are a little easier to cast,
                  | but a little less powerful. [hidden defects]
  1760 | D        | Found the +4 dragonskin cloak
  1760 | D        | Noticed Tiamat
  1867 | D        | Bought a book of Geomancy for 198 gold pieces
  1870 | D        | Learned a level 2 spell: Passwall
  1881 | D        | Bought the +0 cloak of Tantomer {*Corrode rElec rN+ Will+}
                  | for 317 gold pieces
  1971 | D        | Noticed a lorocyproca
  1975 | D        | Killed a lorocyproca
  2049 | D        | Noticed a shadow dragon
  2050 | D        | Noticed a golden dragon
  2054 | D        | Killed a shadow dragon
  2055 | D        | Reached skill level 15 in Spellcasting
  2055 | D        | Reached skill level 1 in Transmutations
  2056 | D        | Killed a golden dragon
  2071 | D        | Gained mutation: You occasionally lose the ability to read
                  | scrolls when taking damage. [hidden defects]
  2071 | D        | Lost mutation: You have hidden genetic defects. [hidden
                  | defects expressed]
  2120 | D        | Found Qelaub's Armour Shoppe.
  2150 | D        | Noticed a mummy priest
  2151 | D        | Killed a deep elf annihilator
  2155 | D        | Reached skill level 5 in Transmutations
  2155 | D        | Identified the ring of Sanu {rPois MP+9 Str+3 Int-4}
  2240 | D        | Noticed the 27-headed Lernaean hydra
  2443 | D        | Noticed a deep elf master archer
  2444 | D        | Killed the 27-headed Lernaean hydra
  2446 | D        | Killed a deep elf master archer
  2447 | D        | Reached skill level 5 in Earth Magic
  2517 | D        | Identified the staff of the Freezing Visionary {rF+ Int+2
                  | Fire}
  2524 | D        | Noticed Lom Lobon
  2528 | D        | Identified the +0 crystal plate armour of the Iron City of
                  | Dis {Slay+3}
  2601 | D        | HP: 3/67 [something (16)]
  2655 | D        | Engulfed by a cloud of freezing vapour

Illustrated notes

Levels and vault maps discovered:
D:        dungeon_sprint_1 [red_sonja_temple_1, red_sonja_temple_small_1]

Skill      XL: |  1  2  3  4  5  6  7  8  9 10 11 12 |
---------------+-------------------------------------+-----
Fighting       | 2 3 4 5 6 8 9 |  9.6
Stealth        | 9 13 17 20 24 26 27 | 27.0
Short Blades   | 3 4 5 6 7 11 13 | 13.3
Throwing       | 3 |  3.3
Dodging        | 2 3 4 7 12 16 19 | 19.4
Evocations     | 1 4 8 13 14 | 14.2
Spellcasting   | 5 13 16 | 16.4
Invocations    | 3 4 |  4.5
Transmutations | 7 |  7.7
Earth Magic    | 5 |  5.3

Action                     |  1- 3 |  4- 6 |  7- 9 | 10-12 || total
---------------------------+-------+-------+-------+-------++-------
  Melee: Dagger            |     2 |     4 |    10 |   197 ||   213
         Punch             |       |       |     1 |     2 ||     3
  Throw: Dart              |       |       |     3 |    27 ||    30
   Cast: Passwall          |       |       |       |     5 ||     5
 Invoke: Shadow Step       |       |       |       |     6 ||     6
  Evoke: Wand              |       |       |     3 |    11 ||    14
         Piece from Xom's  |       |       |       |     1 ||     1
         Phantom mirror    |       |       |       |     1 ||     1
    Use: Potion            |       |       |       |     2 ||     2
   Stab: Sleeping          |     2 |     4 |     8 |    38 ||    52
         Distracted        |       |       |       |     8 ||     8
 Armour: Robe              |       |       |       |     8 ||     8
  Dodge: Dodged            |       |       |    11 |   119 ||   130

Table legend: (Time is in decaauts)
 A = Elapsed time spent in this place.
 B = Non-inter-level travel time spent in this place.
 C = Inter-level travel time spent in this place.
 D = Time resting spent in this place.
 E = Time spent auto-exploring this place.
 F = Levels seen in this place.
 G = Mean time per level.
                   A        B        C        D        E       F      G
               +--------+--------+--------+--------+--------+-----+--------+
         Total |   2016 |   1971 |     45 |    450 |    230 |   1 | 2016.0 |
       Dungeon |   2016 |   1971 |     45 |    450 |    230 |   1 | 2016.0 |
               +--------+--------+--------+--------+--------+-----+--------+

Top non-repeatable levels by time:
       D: 2016 daAuts
